[Event "ICC tourney 2093 (45 10)"]
[Site "Internet Chess Club"]
[Date "2020.10.31"]
[Round "5"]
[White "chessw23"]
[Black "JQX2019"]
[Result "0-1"]
[ICCResult "White checkmated"]
[WhiteElo "1970"]
[BlackElo "1884"]
[Opening "Sicilian: Alapin's variation (2.c3)"]
[ECO "B22"]
[NIC "SI.47"]
[Time "21:01:22"]
[TimeControl "2700+10"]

1. e4 c5 2. c3 Nf6 3. e5 Nd5 4. d4 cxd4 5. Nf3 d6 6. cxd4 Nc6 7. Bc4 dxe5 8.
dxe5 Nb6 9. Bb3 e6 10. Qe2 Be7 11. Nc3 a6 12. O-O O-O 13. Rd1 Qc7 14. Bf4
Nd7 15. Bc2 Rd8 16. Rac1 b5 17. Be4 Bb7 18. a3 Nc5 19. Bc2 Rxd1+ 20. Rxd1
Rd8 21. b4 Rxd1+ 22. Qxd1 Nd7 23. Qd3 Nf8 24. Bg3 Bxb4 25. Ne4 Be7 26. Nd6
Ba8 27. h4 Na5 28. Nd2 Qc6 29. f3 Qb6+ 30. Kh2 Qc7 31. Bb1 Bd5 32. a4 Nb7
33. axb5 Nxd6 34. exd6 Bxd6 35. Bxd6 Qxd6+ 36. g3 axb5 37. Qxb5 Bc6 38. Qe2
h6 39. Bd3 Nd7 40. Nc4 Qc5 41. Kg2 Bd5 42. Ne3 Bc6 43. Nc4 g6 44. Kh2 Qd4
45. Bxg6 Bb5 46. Bd3 Nc5 47. Bh7+ Kxh7 48. Qc2+ Qd3 49. Qxd3+ Nxd3 50. Nd6
Bc6 51. f4 Kg7 52. Nc4 Ne1 53. Kg1 Kf6 54. Kf2 Nf3 55. Ke3 Nh2 56. Ne5 Bd5
57. g4 Nf1+ 58. Kf2 Nd2 59. g5+ hxg5 60. hxg5+ Kg7 61. Kg3 Nc4 62. Ng4 Kg6
63. Nf2 Kf5 64. Ng4 Kg6 65. Nf2 Nd6 66. Kg4 Bc4 67. Kf3 Nf5 68. Ng4 Bd5+ 69.
Kf2 Nd6 70. Ne5+ Kf5 71. Nd3 Be4 72. Ne5 Kxf4 73. Nd7 Kxg5 74. Nc5 f5 75.
Ke3 Kf6 76. Kf4 e5+ 77. Ke3 f4+ 78. Kf2 Kf5 79. Ke1 f3 80. Kf2 Bd5 81. Ke1
e4 82. Kf2 Kf4 83. Na4 e3+ 84. Ke1 f2+ 85. Kd1 f1=Q+ 86. Kc2 Qc4+ 87. Kb2
Qxa4 88. Kc3 Ne4+ 89. Kd3 Qc4# {White checkmated} 0-1